 Dungeon Crawl Stone Soup version 0.31.0-11-ge490571c62 (webtiles) character file.

Game seed: 4009730586908307431

9039 jagang the Carver (level 11, -1/89 HPs)
             Began as a Human Monk on Feb 8, 2024.
             Was a Priest of the Shining One.
             Slain by Amaemon
             ... wielding a +0 demon whip of venom
              (4 damage)
             ... on level 11 of the Dungeon on Feb 9, 2024.
             The game lasted 00:35:33 (13182 turns).

jagang the Carver (Human Monk)                     Turns: 13182, Time: 00:35:33

Health: -1/89      AC: 16    Str: 18    XL:     11   Next: 40%
Magic:  6/13       EV:  7    Int: 11    God:    the Shining One [***...]
Gold:   1117       SH:  0    Dex: 19    Spells: 10/10 levels left

rFire   . . .        n - +0 scimitar
rCold   . . .        (no shield)
rNeg    + . .        z - +0 plate armour
rPois   .            (no helmet)
rElec   .            (no cloak)
rCorr   .            G - +2 pair of gloves
SInv    .            (no boots)
Will    .....        (no amulet) Stlth
                     w - +6 ring of strength
HPRegen 0.34/turn    (no ring)
MPRegen 0.13/turn

%: no passive effects
@: lethally poisoned (-1 -> -21), about to teleport, weakened, slowed, glowing,
very slow
A: explore regen
a: Renounce Religion, Divine Shield, Cleansing Flame


You were on level 11 of the Dungeon.
You worshipped the Shining One.
The Shining One was most pleased with you.
You visited 4 branches of the dungeon, and saw 14 of its levels.
You also visited: Sewer.

You collected 1453 gold pieces.
You spent 336 gold pieces at shops.

Inventory:

Hand Weapons
 b - a +1 short sword of venom
 n - a +0 scimitar (weapon)
 H - a +3 whip of flaming
Missiles
 e - 10 boomerangs
 m - a throwing net
 B - 30 poisoned darts
 F - 2 curare-tipped darts (quivered)
Armour
 z - a +0 plate armour (worn)
 E - a +2 ring mail of fire resistance
 G - a +2 pair of gloves (worn)
Jewellery
 w - a +6 ring of strength (left hand)
Wands
 l - a wand of flame (11)
Scrolls
 d - 4 scrolls of blinking {unknown}
 f - 3 scrolls of teleportation
 p - a scroll of enchant weapon
 q - 3 scrolls of revelation
 r - a scroll of identify
 u - a scroll of noise
 y - 3 scrolls of enchant armour {unknown}
 A - a scroll of poison
Potions
 a - a potion of brilliance {unknown}
 c - a potion of ambrosia
 g - a potion of magic {unknown}
 h - 2 potions of cancellation {unknown}
 i - 6 potions of enlightenment
 j - a potion of attraction {unknown}
 k - 2 potions of curing
 o - 2 potions of haste {unknown}
 s - a potion of mutation
 t - 2 potions of lignification {unknown}
 C - a potion of might {unknown}


   Skills:
 + Level 9.0 Fighting
 * Level 11.3 Long Blades
 - Level 2.0 Throwing
 + Level 7.6 Armour
 - Level 3.0 Dodging
 + Level 6.0 Shields
 + Level 3.9 Invocations


You had 10 spell levels left.
You didn't know any spells.
Your spell library contained the following spells:

 Spells                   Type           Power      Damage    Failure   Level
 Ensorcelled Hibernation  Hex/Ice        0%         N/A       100%        2
 Lesser Beckoning         Tloc           0%         N/A       100%        2
 Static Discharge         Conj/Air       0%         3-3/arc   100%        2
 Fugue of the Fallen      Necr           0%         N/A       100%        3
 Gell's Gravitas          Tloc           0%         N/A       100%        3
 Passwall                 Erth           0%         N/A       100%        3
 Swiftness                Air            0%         N/A       100%        3
 Teleport Other           Tloc           0%         N/A       100%        3
 Airstrike                Air            0%         2d(0-16)  100%        4
 Anguish                  Hex/Necr       0%         N/A       100%        4
 Summon Lightning Spire   Summ/Air       0%         N/A       100%        4


Dungeon Overview and Level Annotations

Branches:
Dungeon (11/15)            Temple (1/1) D:6            Lair (1/5) D:9
    Orc (1/2) D:10          Sewer (visited)

Altars:
Ashenzari
Cheibriados
Dithmenos
Elyvilon
Fedhas
Gozag
Hepliaklqana
Kikubaaqudgha
Makhleb
Nemelex Xobeh
Okawaru
Qazlal
Ru
Sif Muna
Trog
Uskayaw
Vehumet
Wu Jian
Xom
Yredelemnul
Zin
The Shining One

Shops:
D:1 !   D:7 [

Annotations:
D:3 3 runed translucent doors, DeltaZero's ghost, amateur DENe
D:6 3 runed translucent doors, peterlawrence's ghost, novice MiFi
D:11 Amaemon


Innate Abilities, Weirdness & Mutations

You regain HP and MP as you explore.


Message History

Activating: Cleansing Flame (54% risk of failure)
Press: ? - help, Dir - look around, f - activate You fail to use your ability.
You feel very sick.
The scorpion stings you but does no damage.
Amaemon hits you with a +0 demon whip of venom.
Amaemon barely misses you. Amaemon tail-slaps you.
* * * LOW HITPOINT WARNING * * *
The scorpion stings you but does no damage. x2
The scorpion barely misses you.
The scorpion stings you but does no damage.
Amaemon zaps a wand.
The bolt of light hits you.
You are confused.
* * * LOW HITPOINT WARNING * * *
The scorpion stings you but does no damage.
You are too confused!
Unknown command.
You are too confused!
You feel better.
The scorpion disappears in a puff of smoke!
The scorpion stings you but does no damage.
The scorpion closely misses you. The scorpion barely misses you.
Amaemon hits you with a +0 demon whip of venom!
* * * LOW HITPOINT WARNING * * *
You are poisoned.
Amaemon barely misses you. Amaemon closely misses you.
The scorpion stings you but does no damage.
The scorpion stings you.
* * * LOW HITPOINT WARNING * * *
You are lethally poisoned!
The scorpion poisons you!
As you read the scroll of teleportation, it crumbles to dust.
You feel strangely unstable.
* * * LOW HITPOINT WARNING * * *
You feel extremely sick. The scorpion stings you.
* * * LOW HITPOINT WARNING * * *
The scorpion stings you but does no damage.
Amaemon hits you with a +0 demon whip of venom.
You die...

8###...#......#......
...≈8##...#......+......
....§8#...#......#......
.§...§8...#......#......
≈8≈...≈...#......#..###'
8#8≈......#......#..#...
≈8≈...≈W4.#......#..#...
.≈.|.≈8s6s#..#####..#...
#@ss#..#......#...
##ss.#..#......+...
≈8##....#..#......####
.(.........#''#.......
.....................#
######...............#
#...............#
#...............#
########....^...#


You could see Amaemon, an orange demon, a wraith and 6 scorpions.

Vanquished Creatures
  A soul eater (D:11)
  An orc sorcerer (Orc:1)
  A manticore (D:11)
  A komodo dragon (D:11)
  An orange demon (D:11)
  3 trolls
  Grinder (D:5)
  2 hornets
  Sigmund (D:4)
  A shadow (D:7)
  3 wyverns
  Eustachio (D:5)
  A ynoxinul (D:11)
  2 yaks (Lair:1)
  5 steam dragons
  A water moccasin (D:8)
  Duvessa (D:4)
  4 orc warriors
  A black bear (D:5)
  2 ice beasts
  An ogre (D:7)
  3 centaurs
  4 wolves (D:9)
  2 phantoms
  4 kobold brigands
  4 bullfrogs
  3 gnoll sergeants
  2 scorpions
  Dowan (D:4)
  7 howler monkeys
  An electric eel (D:9)
  3 jellies
  A crimson imp (D:11)
  A quasit (D:11)
  A bombardier beetle (D:6)
  7 orc priests
  4 hounds
  3 iguanas
  9 orc wizards
  A hell rat (Sewer)
  13 gnolls
  9 adders
  3 river rats
  2 shadow imps
  2 dart slugs
  2 ribbon worms
  30 orcs
  8 endoplasms
  6 giant cockroaches
  11 hobgoblins
  4 jackals (D:1)
  A quokka (D:2)
  8 ball pythons
  4 bats (D:1)
  2 frilled lizards (D:1)
  4 goblins
  19 kobolds
  10 rats
234 creatures vanquished.

Vanquished Creatures (others)
  A gnoll (D:9)
1 creature vanquished.

Grand Total: 235 creatures vanquished

Notes
Turn   | Place    | Note
-------+----------+-------------------------------------------
     0 | D:1      | jagang the Human Monk began the quest for the Orb.
     0 | D:1      | Reached XP level 1. HP: 18/18 MP: 1/1
   123 | D:1      | Reached XP level 2. HP: 24/24 MP: 2/2
   169 | D:1      | Found Oteik's Distillery.
   657 | D:2      | Reached XP level 3. HP: 29/29 MP: 3/3
   716 | D:2      | Reached skill level 1 in Armour
   787 | D:2      | Found a faded altar of an unknown god.
  1608 | D:3      | Reached XP level 4. HP: 37/37 MP: 4/4
  1760 | D:3      | Reached skill level 4 in Long Blades
  1796 | D:3      | Found a glowing drain.
  1805 | Sewer    | Entered a sewer
  1936 | Sewer    | Reached XP level 5. HP: 37/42 MP: 5/5
  1990 | Sewer    | Identified a scroll of acquirement
  1991 | Sewer    | Acquired 881 gold pieces
  2099 | D:1      | Bought a potion of curing for 36 gold pieces
  2099 | D:1      | Bought 2 potions of heal wounds for 120 gold pieces
  2099 | D:1      | Bought a potion of curing for 36 gold pieces
  2099 | D:1      | Bought a potion of degeneration for 12 gold pieces
  2099 | D:1      | Bought a potion of mutation for 96 gold pieces
  2099 | D:1      | Bought a potion of curing for 36 gold pieces
  2474 | D:3      | Found a runed translucent gate.
  2474 | D:3      | Noticed DeltaZero's ghost (amateur DENe)
  2475 | D:3      | Found a runed translucent gate.
  2476 | D:3      | Found a runed translucent gate.
  2479 | D:3      | Identified the +0 ring mail "Ruzownuuq" {Will+ Int+3}
  2702 | D:4      | Noticed Sigmund
  2716 | D:4      | Reached XP level 6. HP: 30/50 MP: 6/6
  2723 | D:4      | Killed Sigmund
  2724 | D:4      | Reached skill level 5 in Fighting
  2724 | D:4      | Reached skill level 5 in Long Blades
  2839 | D:4      | Noticed Dowan
  2839 | D:4      | Noticed Duvessa
  2850 | D:4      | Killed Duvessa
  2851 | D:4      | Reached XP level 7. HP: 34/56 MP: 7/7
  2866 | D:4      | Killed Dowan
  3291 | D:4      | Reached skill level 1 in Throwing
  3350 | D:4      | Reached skill level 6 in Long Blades
  3931 | D:5      | Entered Level 5 of the Dungeon
  3931 | D:5      | Noticed Grinder
  3994 | D:5      | Paralysed by Grinder for 4 turns
  4009 | D:5      | Killed Grinder
  4010 | D:5      | Reached XP level 8. HP: 26/64 MP: 8/8
  4294 | D:5      | Noticed Eustachio
  4311 | D:5      | Killed Eustachio
  4312 | D:5      | Reached skill level 7 in Long Blades
  5010 | D:5      | Found a burning altar of Makhleb.
  5115 | D:5      | Found an ancient bone altar of Kikubaaqudgha.
  5249 | D:6      | Reached skill level 1 in Shields
  5418 | D:6      | Found a broken altar of Ashenzari.
  5425 | D:6      | Found a staircase to the Ecumenical Temple.
  5446 | Temple   | Entered the Ecumenical Temple
  5465 | Temple   | Became a worshipper of the Shining One
  5465 | Temple   | Reached * piety under the Shining One
  5465 | Temple   | Reached ** piety under the Shining One
  5713 | D:6      | Reached XP level 9. HP: 71/71 MP: 9/9
  5728 | D:6      | Found a runed translucent gate.
  5731 | D:6      | Noticed peterlawrence's ghost (novice MiFi)
  5832 | D:6      | Found a radiant altar of Vehumet.
  5988 | D:6      | Found a runed translucent gate.
  5989 | D:6      | Found a runed translucent gate.
  6085 | D:6      | Reached skill level 5 in Armour
  6231 | D:7      | Reached skill level 8 in Long Blades
  6232 | D:7      | Found a sacrificial altar of Ru.
  6238 | D:7      | Found a blossoming altar of Fedhas.
  6240 | D:7      | Found a stormy altar of Qazlal.
  6245 | D:7      | Found a shimmering blue altar of Sif Muna.
  6251 | D:7      | Found a sparkling altar of Nemelex Xobeh.
  6424 | D:7      | Found Cidic's Armour Boutique.
  6762 | D:7      | Found a bloodstained altar of Trog.
  7932 | D:8      | Reached skill level 9 in Long Blades
  8343 | D:8      | Reached XP level 10. HP: 28/80 MP: 10/10
  8961 | D:9      | Paralysed by a hornet for 3 turns
  9450 | D:9      | Reached skill level 10 in Long Blades
  9482 | D:9      | Reached skill level 1 in Invocations
  9664 | D:9      | Found a staircase to the Lair.
 10184 | D:9      | Identified the ring "Hyhid" {Fire rN+ rCorr Str-5 SInv}
 10331 | D:9      | Reached skill level 5 in Shields
 10571 | Lair:1   | Entered Level 1 of the Lair of Beasts
 10620 | Lair:1   | Reached *** piety under the Shining One
 10891 | D:10     | Entered Level 10 of the Dungeon
 11594 | D:10     | Found a staircase to the Orcish Mines.
 11622 | D:10     | Reached XP level 11. HP: 39/87 MP: 11/13
 12637 | Orc:1    | Entered Level 1 of the Orcish Mines
 12665 | Orc:1    | Noticed an orc sorcerer
 12690 | Orc:1    | Killed an orc sorcerer
 12691 | Orc:1    | Reached skill level 11 in Long Blades
 12984 | D:11     | Noticed a manticore
 12996 | D:11     | Killed a manticore
 13156 | D:11     | Noticed a soul eater
 13163 | D:11     | Noticed Amaemon
 13168 | D:11     | Killed a soul eater
 13182 | D:11     | HP: 3/89 [scorpion[Amaemon] (3)]
 13182 | D:11     | Slain by Amaemon

Illustrated notes

Levels and vault maps discovered:
D:1:      lightli_arrival_windingriver, layout_loops_ring, serial_shops,
          nicolae_shop_stone
D:2:      layout_loops_ring, hellmonk_ecumenical_altar_run_dry,
          guppyfry_early_orc_mine
D:3:      layout_basic, biasface_ghost_orc_armoury, portal_sewer_entry_e,
          kennysheep_generic_room_8
D:4:      layout_loops_corners, serial_forest, infiniplex_forest_lined_3,
          infiniplex_forest_lined_3, infiniplex_forest_straight_4,
          infiniplex_forest_clump_cross, uniq_sigmund, uniq_duvessa
D:5:      layout_basic, lemuel_coloured_pillars_altar,
          nicolae_overflow_hidden_temple, nicolae_twisty_statue_hallways,
          uniq_grinder, uniq_eustachio
D:6:      layout_cave_pools, pf_just_have_faith, lemuel_tele_altar,
          minmay_temple_entry_tees, gammafunk_ghost_nasty_kobolds,
          roderic_roman_lattice
D:7:      layout_loops_corners, trog_three_pillars_becter,
          nicolae_overflow_hallway_of_the_gods, serial_shops,
          nicolae_shop_just_a_little_nook
D:8:      layout_gridville, grunt_ministairs_2
D:9:      layout_loops_ring, erik_lair_island
D:10:     layout_long_grid, david_orc_3,
          serial_library_regret_index_double_sided
D:11:     layout_irregular_city, nicolae_demonic_statue_gallery, uniq_maurice,
          uniq_grum, uniq_amaemon
Temple:   nicolae_temple_hex_pool
Lair:1:   layout_small_grid, nzn_masters_of_martial_movement,
          serial_bayou_shore_a
Orc:1:    layout_diamond_mine, serial_shops, shop, guppyfry_library_mini

Skill      XL: |  1  2  3  4  5  6  7  8  9 10 11 |
---------------+----------------------------------+-----
Armour         | 1 2 3 4 6 7 |  7.6
Long Blades    | 4 5 6 7 9 10 11 | 11.3
Fighting       | 4 5 6 7 8 9 |  9.0
Throwing       | 2 |  2.0
Shields        | 1 3 5 6 |  6.0
Invocations    | 2 3 |  3.9
Dodging        | |  3.0

Action                     |  1- 3 |  4- 6 |  7- 9 | 10-12 || total
---------------------------+-------+-------+-------+-------++-------
  Melee: Falchion          |    59 |       |       |       ||    59
         Short sword       |    49 |   102 |   425 |   298 ||   874
         Punch             |       |       |     7 |    11 ||    18
         Scimitar          |       |       |       |    81 ||    81
  Throw: Throwing net      |       |     1 |     1 |       ||     2
         Boomerang         |       |       |    13 |    13 ||    26
         Dart              |       |       |       |    16 ||    16
 Invoke: Divine Shield     |       |       |       |     1 ||     1
         Cleansing Flame   |       |       |       |     3 ||     3
  Evoke: Wand              |       |       |       |     1 ||     1
    Use: Scroll            |     1 |     4 |     3 |     5 ||    13
         Potion            |       |       |     2 |     4 ||     6
   Stab: Held in net/web   |       |     3 |       |       ||     3
 Armour: Robe              |    20 |       |       |       ||    20
         Scale mail        |    20 |    57 |   109 |       ||   186
         Leather armour    |     1 |       |       |       ||     1
         Steam dragon scal |       |       |    54 |       ||    54
         Ring mail         |       |       |   104 |     2 ||   106
         Plate armour      |       |       |       |   389 ||   389
  Dodge: Dodged            |    60 |    33 |   211 |    94 ||   398
  Block: Other             |       |       |       |    11 ||    11
